 Dungeon Crawl Stone Soup version 0.29.1-13-g9f3cf754e1 (webtiles) character file.

Game seed: 16405507893153461854

380 croobank the Covert (level 6, 0/44 HPs)
             Began as an Octopode Delver on Feb 1, 2023.
             Slain by an orc wizard
             ... wielding a +0 dagger
              (3 damage)
             ... on level 3 of the Dungeon.
             The game lasted 00:10:43 (1899 turns).

croobank the Covert (Octopode Delver)               Turns: 1899, Time: 00:10:43

Health: 0/44       AC:  1    Str: 11    XL:     6   Next: 75%
Magic:  6/6        EV: 14    Int: 15    God:
Gold:   47         SH:  0    Dex: 13    Spells: 5/5 levels left

rFire   . . .      SeeInvis .   a - +1 hand axe
rCold   . . .      Faith    .   (no shield)
rNeg    . . .      Spirit   .   (helmet restricted)
rPois   .          Reflect  .   (no amulet)
rElec   .          Harm     .   (no ring)
rCorr   .          Rampage  .   (no ring)
Will    .....                   (no ring)
Stlth   +++++.....              (no ring)
HPRegen 0.14/turn               (no ring)
MPRegen 0.10/turn               (no ring)
                                (no ring)
                                (no ring)

@: no status effects
A: almost no armour, amphibious, 8 rings, camouflage 1, gelatinous body 1,
(nimble swimmer 1), tentacles
a: no special abilities


You were on level 3 of the Dungeon.
You visited 1 branch of the dungeon, and saw 4 of its levels.

You collected 47 gold pieces.

Inventory:

Hand Weapons
 a - a +1 hand axe (weapon)
 c - a +0 vorpal shortbow
 h - a +0 dagger
Missiles
 k - 5 poisoned darts
 l - a silver javelin (quivered)
Jewellery
 j - a ring of ice
Wands
 f - a wand of digging (3)
Scrolls
 b - a scroll of fog
Potions
 i - a potion of brilliance
 n - 2 potions of resistance {unknown}
 o - a potion of might {unknown}


   Skills:
 + Level 4.4 Fighting
 + Level 3.8 Axes
 + Level 3.8 Dodging
 + Level 8.2 Stealth


You had 5 spell levels left.
You didn't know any spells.
Your spell library was empty.

Dungeon Overview and Level Annotations

Branches:
Dungeon (6/15)             Temple (0/1) D:4

Altars:

Shops:
D:5 *


Innate Abilities, Weirdness & Mutations

You cannot wear most types of armour.
You are amphibious.
You can wear up to eight rings at the same time.
Your skin changes colour to match your surroundings (Stealth+).
Your rubbery body absorbs attacks. (AC +1, EV +1)
((You are camouflaged when in or above water. (Stealth+)))
You have tentacles for arms and can constrict up to eight enemies at once.


Message History

The kobold shouts!
Found a hand axe and 16 gold pieces.
Found a stone staircase leading down.
There is a stone staircase leading down here.
Deactivating autopickup; reactivate with Ctrl-A.
You miss something. Something hits you. The hobgoblin completely misses you.
The kobold barely misses you.
A rat comes into view.
The hobgoblin barely misses you. Something hits you.
You closely miss something. Your squeeze misses something.
The kobold completely misses you. Something hits you.
The hobgoblin barely misses you. The kobold hits you with a +0 dagger.
You closely miss something. Something hits you. The hobgoblin misses you.
The kobold barely misses you. The hobgoblin closely misses you.
You hear some strange, mumbled words.
Something tries to affect you, but you resist.
You barely miss something. Your squeeze misses something.
The kobold completely misses you. Something barely misses you.
The hobgoblin closely misses you. The kobold barely misses you.
You miss something. Something hits you. The hobgoblin closely misses you.
The kobold hits you with a +0 dagger. The hobgoblin hits you.
Something hits you.
a - a +0 hand axe (weapon)
The kobold closely misses you.
You barely miss something. You closely miss the kobold. You hit the hobgoblin.
Something hits you.
* * * LOW HITPOINT WARNING * * *
The hobgoblin hits you.
* * * LOW HITPOINT WARNING * * *
The kobold hits you with a +0 dagger.
* * * LOW HITPOINT WARNING * * *
Something barely misses you. The hobgoblin misses you.
Okay, then.
As you read the scroll labelled QUMMUNN XOFYXZOM, it crumbles to dust.
It is a scroll of enchant weapon.
Your +0 hand axe glows red for a moment.
The rat twitches its whiskers.
The kobold closely misses you. The hobgoblin hits you.
* * * LOW HITPOINT WARNING * * *
Something hits you.
You die...

.#.
.>.#
....
#..
#$..
..# #
#K##.#
#@{.#
#g####
.r#
#.# #.
#


You could see a hobgoblin, a kobold and a rat.

Vanquished Creatures
  2 ogres (D:5)
  A centaur (D:5)
  A hound (D:5)
  An iguana (D:5)
  2 orc wizards (D:5)
  2 adders (D:5)
  An ufetubus (D:6)
  A worm (D:5)
  3 orcs (D:5)
14 creatures vanquished.

Notes
Turn   | Place    | Note
-------+----------+-------------------------------------------
     0 | D:5      | croobank the Octopode Delver began the quest for the Orb.
     0 | D:5      | Reached XP level 1. HP: 16/16 MP: 1/1
    19 | D:6      | Noticed an iguana
    33 | D:6      | Noticed a hound
    64 | D:5      | Found Vuinaq's Fire Supplies.
   194 | D:5      | Noticed an ogre
   239 | D:4      | Noticed an iguana
   239 | D:4      | Noticed an orc wizard
   239 | D:4      | Noticed an orc priest
   457 | D:5      | Noticed an iguana
   575 | D:5      | Noticed a centaur
   605 | D:5      | Killed a centaur
   606 | D:5      | Reached skill level 7 in Stealth
   606 | D:5      | Reached XP level 2. HP: 3/21 MP: 2/2
   606 | D:5      | Reached XP level 3. HP: 4/26 MP: 3/3
   606 | D:5      | Reached XP level 4. HP: 5/32 MP: 4/4
   956 | D:5      | Reached XP level 5. HP: 37/37 MP: 5/5
  1062 | D:5      | Killed an ogre
  1199 | D:5      | Reached XP level 6. HP: 10/43 MP: 6/6
  1504 | D:5      | Reached skill level 8 in Stealth
  1899 | D:3      | Slain by an orc wizard

Illustrated notes

Levels and vault maps discovered:
D:3:      kennysheep_slugbush, layout_loops_ring, roderic_batcave
D:4:      layout_rooms, minmay_temple_entry_large_hall, grunt_ministairs_10,
          solitary_fountain, nicolae_shop_overcharged_wands
D:5:      layout_basic, nicolae_shop_fire_sale [nicolae_sub_dead_trees]
D:6:      layout_cave_pools, nicolae_figureground_sparkle

Skill      XL: |  1  2  3  4  5  6 |
---------------+-------------------+-----
Stealth        | 7 8 |  8.2
Axes           | 3 |  3.8
Dodging        | 3 |  3.8
Fighting       | 4 |  4.4

Action                   |  1- 3 |  4- 6 || total
-------------------------+-------+-------++-------
Melee: Hand axe          |     6 |    14 ||    20
       Tentacles         |     1 |     1 ||     2
       Punch             |     1 |     1 ||     2
       Constrict         |       |     2 ||     2
       Shortbow          |       |     6 ||     6
 Fire: Shortbow          |       |    41 ||    41
Throw: Javelin           |       |     2 ||     2
Evoke: Wand              |     2 |     8 ||    10
  Use: Scroll            |     2 |     4 ||     6
       Potion            |     1 |     2 ||     3
 Stab: Paralysed         |     5 |     9 ||    14
Armor: Skin              |       |     1 ||     1
Dodge: Dodged            |     3 |    46 ||    49
